 Dungeon Crawl Stone Soup version 0.14-a0-1522-g6c286a4 (webtiles) character file.

1196 4tharraofdagon the Slasher (level 8, -2/55 HPs)
             Began as a Halfling Berserker on Dec 17, 2013.
             Was a Believer of Trog.
             Killed from afar by an orc priest (14 damage)
             ... with a rod of frigid destruction
             ... while paralysed by a potion of paralysis
             ... on Level 7 of the Dungeon.
             The game lasted 00:05:33 (1424 turns).

4tharraofdagon the Slasher (Halfling Berserker)     Turns: 1424, Time: 00:05:33

HP  -2/55        AC  9     Str 16      XL: 8   Next: 61%
MP   8/8         EV  3     Int  7      God: Trog [**....]
Gold 75          SH  0     Dex 16      Spells:  0 memorised,  7 levels left

rFire  . . .     SeeInvis .     b - +2,+0 elf falchion
rCold  . . .     Clarity  .     j - +2 ring mail
rNeg   . . .     Conserve .     t - +0 buckler (curse)
rPois  .         rCorr    .     (no helmet)
rElec  .         rRot     .     (no cloak)
SustAb . .       Spirit   .     q - +0 pair of gloves
rMut   .         Warding  .     (no boots)
Saprov . . .     Stasis   .     (no amulet)
                                (no ring)
                                (no ring)

@: paralysed, regenerating, exhausted, slowed, very resistant to hostile
enchantments, very unstealthy
A: mutation resistance 1, slow metabolism 1
a: Burn Spellbooks, Berserk, Trog's Hand, Renounce Religion


You were on level 7 of the Dungeon.
You worshipped Trog.
Trog was pleased with you.
You were not hungry.

You visited 1 branch of the dungeon, and saw 7 of its levels.

You collected 75 gold pieces.

Inventory:

Hand weapons
 a - a +0,+0 falchion
 b - a +2,+0 elven falchion (weapon)
Armour
 j - a +2 ring mail (worn)
 q - a +0 pair of gloves (worn)
 t - a cursed +0 buckler (worn)
Comestibles
 c - a bread ration
 h - 3 chunks of hippogriff flesh
 o - 2 meat rations
 u - a chunk of jackal flesh
Scrolls
 d - 2 scrolls of curse weapon {unknown}
 e - 2 scrolls of fear {unknown}
 f - a scroll of blinking {unknown}
 k - a scroll of fog {unknown}
 l - 3 scrolls of identify {unknown}
 r - a scroll of immolation {unknown}
Potions
 g - a potion of restore abilities {unknown}
 i - a potion of confusion {unknown}
 m - a potion of lignification {unknown}
 n - a potion of paralysis
 s - a potion of curing {unknown}


   Skills:
 + Level 5.0 Fighting
 * Level 6.6 Long Blades
 + Level 3.8 Armour
 + Level 5.5 Dodging


You had 7 spell levels left.
You didn't know any spells.

Dungeon Overview and Level Annotations

Branches:
Dungeon (7/16)             Temple (0/1) D:4

Altars:
Yredelemnul
the Shining One


Innate Abilities, Weirdness & Mutations

You are small and have problems with some larger weapons.
You are somewhat resistant to further mutation.
You have a slow metabolism.


Message History

There are no items here.
Use which ability? (? or * to list)
Your skin crawls.
You feel resistant to hostile enchantments.
You feel slightly more hungry.
An orc priest comes into view. It is wielding a weird runed rod.
You feel the effects of Trog's Hand fading.
The orc priest shouts!
The orc priest zaps a rod. 2 orcs come into view.
An orc comes into view. It is wielding an orcish club.
You are engulfed in freezing vapours.
* * * LOW HITPOINT WARNING * * *
The orc shouts!
Really walk into that cloud of freezing vapour?
Okay, then.
Drink which item? (? for menu, Esc to quit)
You suddenly lose the ability to move!
It was a potion of paralysis.
The orc priest zaps a rod.
The freezing blast hits you!
You die...

#.........##
##..........#
#...o.......##
#..o.........#
#....o...#...#
##.......#...#
#.§.....#####
######§§o.....#
#...##@§§.....##
#....§§§.......###
#.....§..........#
#.##.............#
#.#####......#...##
#.# #............#
#.# #............#
#.# #............#
..# ##........####


You could see an orc priest and 3 orcs.

Vanquished Creatures
  A hippogriff (D:7)
  A hungry ghost (D:4)
  Sigmund (D:5)
  2 giant frogs (D:7)
  A hound (D:5)
  An orc wizard (D:5)
  A scorpion (D:5)
  2 worker ants
  A gnoll (D:5)
  2 adders (D:2)
  A giant eyeball (D:4)
  2 giant geckos (D:4)
  4 orcs
  6 bats
  2 giant cockroaches
  3 goblins
  8 jackals
  3 ball pythons
  2 giant newts
  A jackal skeleton (D:4)
  3 kobolds
  A rat (D:4)
  A rat skeleton (D:4)
  4 ballistomycetes (D:6)
54 creatures vanquished.

Vanquished Creatures (others)
  The ghost of 4tharraofdagon the Firebug, an experienced DsFE of Sif Muna (D:7)
  A giant spore (D:6)
2 creatures vanquished.

Grand Total: 56 creatures vanquished

Notes
Turn   | Place    | Note
--------------------------------------------------------------
     0 | D:1      | 4tharraofdagon, the Halfling Berserker, began the quest for the Orb.
     0 | D:1      | Reached XP level 1. HP: 15/15 MP: 1/1
    78 | D:2      | Found a basalt altar of Yredelemnul.
   112 | D:2      | Reached XP level 2. HP: 20/20 MP: 2/2
   214 | D:2      | Reached XP level 3. HP: 26/26 MP: 3/3
   329 | D:4      | Acquired Trog's second power
   331 | D:4      | Found a staircase to the Ecumenical Temple.
   450 | D:4      | Paralysed by a giant eyeball for 4 turns
   521 | D:4      | Noticed a hungry ghost
   536 | D:4      | Killed a hungry ghost
   536 | D:4      | Reached skill level 4 in Long Blades
   536 | D:4      | Reached XP level 4. HP: 31/31 MP: 4/4
   536 | D:4      | Reached XP level 5. HP: 36/36 MP: 5/5
   591 | D:5      | Entered Level 5 of the Dungeon
   683 | D:5      | Found a glowing golden altar of the Shining One.
   689 | D:5      | Noticed Sigmund
   711 | D:5      | Killed Sigmund
   711 | D:5      | Reached XP level 6. HP: 25/43 MP: 6/6
  1025 | D:5      | Reached skill level 5 in Long Blades
  1025 | D:5      | Reached XP level 7. HP: 46/48 MP: 7/7
  1352 | D:7      | Noticed a hippogriff
  1356 | D:7      | Noticed 4tharraofdagon's ghost (experienced DsFE)
  1396 | D:7      | Killed a hippogriff
  1396 | D:7      | Reached skill level 6 in Long Blades
  1396 | D:7      | Reached skill level 5 in Dodging
  1396 | D:7      | Reached XP level 8. HP: 54/54 MP: 8/8
  1403 | D:7      | Killed 4tharraofdagon's ghost
  1403 | D:7      | Reached skill level 5 in Fighting
  1424 | D:7      | Paralysed by a potion of paralysis for 5 turns
  1424 | D:7      | Killed from afar by an orc priest

Action                   |  1- 3 |  4- 6 |  7- 9 || total
-------------------------+-------+-------+-------++-------
Melee: Falchion          |    87 |    63 |   110 ||   260
Invok: Berserk           |     3 |     4 |     1 ||     8
       Trog's Hand       |       |     1 |     5 ||     6
  Use: Potion            |       |       |     1 ||     1
 Stab: Sleeping          |     1 |       |       ||     1
